 Dungeon Crawl Stone Soup version 0.27-a0-445-gbe96e517c0 (webtiles) character file.

Game seed: 16447236964014523897

75 Chiseanne the Skirmisher (level 4, -1/37 HPs)
             Began as a Demonspawn Wanderer on Feb 27, 2021.
             Slain by a goblin
             ... wielding a +0 dagger
              (4 damage)
             ... on level 2 of the Dungeon.
             The game lasted 00:01:55 (923 turns).

Chiseanne the Skirmisher (Demonspawn Wanderer)       Turns: 923, Time: 00:01:56

Health: -1/37      AC:  4    Str: 13    XL:     4   Next: 11%
Magic:  4/4        EV: 12    Int: 12    God:
Gold:   48         SH:  0    Dex: 14    Spells: 3/3 levels left

rFire    . . .     SeeInvis .   m - +0 short sword
rCold    . . .     Faith    .   (no shield)
rNeg     . . .     Spirit   .   e - +0 robe
rPois    .         Reflect  .   (no helmet)
rElec    .         Harm     .   (no cloak)
rCorr    .         Rampage  .   (no gloves)
Will     .....                  (no boots)
Stlth    +.........             (no amulet)
HPRegen  0.12/turn              (no ring)
MPRegen  0.09/turn              (no ring)

@: no status effects
A: yellow scales 1
a: no special abilities


You were on level 2 of the Dungeon.
You visited 1 branch of the dungeon, and saw 2 of its levels.

You collected 48 gold pieces.

Inventory:

Hand Weapons
 a - a +0 hand crossbow
 m - a +0 short sword (weapon)
 q - a +0 hand axe
Missiles
 c - 13 bolts
 l - 45 stones (quivered)
Armour
 e - a +0 robe (worn)
 j - a +0 buckler
Jewellery
 h - a +4 ring of protection
Scrolls
 d - a scroll of teleportation
 g - a scroll of blinking {unknown}
 n - a scroll of random uselessness {unknown}
 o - a scroll of fear {unknown}
 p - a scroll of magic mapping {unknown}
Potions
 i - a potion of invisibility {unknown}
 k - a potion of berserk rage {unknown}
Miscellaneous
 b - a phial of floods (inert)


   Skills:
 * Level 4.1 Fighting
 - Level 1.7 Long Blades
 - Level 1.0 Axes
 - Level 1.7 Armour
 * Level 2.2 Dodging
 - Level 1.0 Shields
 - Level 1.0 Evocations


You had 3 spell levels left.
You didn't know any spells.
Your spell library was empty.

Dungeon Overview and Level Annotations

Branches:
Dungeon (2/15)

Altars:


Innate Abilities, Weirdness & Mutations

You are partially covered in yellow scales. (AC +2)


Message History

You kill the rat!
A goblin comes into view. It is wielding a +0 dagger.
The rat bites you.
* * * LOW HITPOINT WARNING * * *
The goblin shouts!
You see here a rat corpse.
You barely miss the rat. The rat bites you but does no damage.
You hit the rat.
The rat is moderately wounded.
The rat bites you.
* * * LOW HITPOINT WARNING * * *
You hit the rat but do no damage.
The rat is moderately wounded.
A rat comes into view.
The rat closely misses you.
A goblin comes into view. It is wielding a +0 dagger.
The goblin shouts!
You hit the rat but do no damage.
The rat is moderately wounded.
The rat bites you but does no damage.
You hit the rat but do no damage.
The rat is moderately wounded.
The goblin hits you with a +0 dagger.
* * * LOW HITPOINT WARNING * * *
The rat barely misses you.
You barely miss the rat.
The rat is moderately wounded.
The goblin misses you. The rat bites you but does no damage.
You closely miss the rat.
The rat is moderately wounded.
The goblin barely misses you. The rat closely misses you.
You closely miss the rat.
The rat is moderately wounded.
The goblin barely misses you. The rat bites you.
* * * LOW HITPOINT WARNING * * *
You barely miss the rat.
The rat is moderately wounded.
The goblin misses you. The rat bites you but does no damage.
The goblin hits you with a +0 dagger.
You die...

....#.# .
#.....###..
#####(.........
.........?.....
.......((((..
#...!..# #(# .# #
#######)##g#..###
........r@gr.....
#..#.#######.####
#


You could see 2 goblins and 2 rats.

Vanquished Creatures
  4 gnolls
  An adder (D:2)
  A dart slug (D:1)
  2 leopard geckos (D:1)
  2 bats
  3 goblins (D:1)
  4 hobgoblins
  5 kobolds (D:1)
  A ball python (D:2)
  A frilled lizard (D:2)
  3 rats
27 creatures vanquished.

Notes
Turn   | Place    | Note
-------+----------+-------------------------------------------
     0 | D:1      | Chiseanne the Demonspawn Wanderer began the quest for the
                  | Orb.
     0 | D:1      | Chiseanne set off with the following items: a +0 hand
                  | crossbow, a phial of floods, 22 bolts, a scroll of
                  | teleportation, a +0 robe
     0 | D:1      | Reached XP level 1. HP: 18/18 MP: 1/1
   295 | D:1      | Reached skill level 1 in Dodging
   295 | D:1      | Gained mutation: You are partially covered in yellow
                  | scales. (AC +2) [demonic ancestry]
   295 | D:1      | Reached XP level 2. HP: 24/24 MP: 2/2
   795 | D:2      | Reached XP level 3. HP: 30/30 MP: 3/3
   892 | D:2      | Reached skill level 4 in Fighting
   898 | D:2      | Reached XP level 4. HP: 23/37 MP: 4/4
   923 | D:2      | Slain by a goblin

Illustrated notes

Levels and vault maps discovered:
D:1:      minmay_arrival_jagged, layout_loops_ring, kennysheep_crisscross
D:2:      layout_loops_ring, cheibriados_altar_1, uniq_terence

Skill      XL: |  1  2  3 |
---------------+----------+-----
Dodging        | 1 2 |  2.2
Fighting       | 4 |  4.1
Long Blades    | |  1.7
Axes           | |  1.0
Armour         | |  1.7
Shields        | |  1.0
Evocations     | |  1.0

Action                   |  1- 3 |  4- 6 || total
-------------------------+-------+-------++-------
Melee: Short sword       |     9 |    22 ||    31
 Fire: Hand crossbow     |    46 |       ||    46
Throw: Stone             |       |     1 ||     1
Evoke: Phial of floods   |     1 |       ||     1
  Use: Potion            |     1 |       ||     1
Armor: Robe              |     3 |     4 ||     7
       Skin              |     1 |    12 ||    13
Dodge: Dodged            |     9 |     9 ||    18

Table legend: (Time is in decaauts)
 A = Elapsed time spent in this place.
 B = Non-inter-level travel time spent in this place.
 C = Inter-level travel time spent in this place.
 D = Time resting spent in this place.
 E = Time spent auto-exploring this place.
 F = Levels seen in this place.
 G = Mean time per level.
                   A        B        C        D        E       F      G
               +--------+--------+--------+--------+--------+-----+--------+
         Total |    948 |    935 |     13 |     67 |    709 |   2 |  474.0 |
       Dungeon |    948 |    935 |     13 |     67 |    709 |   2 |  474.0 |
               +--------+--------+--------+--------+--------+-----+--------+

Top non-repeatable levels by time:
     D:1: 889 daAuts
     D:2: 59 daAuts
